 Dungeon Crawl Stone Soup version 0.18-a0-1408-g69e564c (webtiles) character file.

1782 Murumi the Skirmisher (level 9, -11/72 HPs)
             Began as a Formicid Fighter on Feb 3, 2016.
             Was a Follower of Elyvilon.
             Mangled by an orc knight
             ... wielding a +0 war axe
              (18 damage)
             ... in a bailey on Feb 25, 2016.
             The game lasted 00:40:15 (5548 turns).

Murumi the Skirmisher (Formicid Fighter)            Turns: 5548, Time: 00:40:15

Health: -11/72     AC: 17    Str: 24    XL:     9   Next: 29%
Magic:  1/22       EV:  7    Int: 12    God:    Elyvilon [*.....]
Gold:   387        SH: 10    Dex: 10    Spells: 0 memorised, 8 levels left

rFire  + . .     SeeInvis +     a - +1 long sword
rCold  . . .     Gourm    .     j - +0 plate armour
rNeg   . . .     Faith    .     c - +0 shield
rPois  .         Spirit   .     (helmet unavailable)
rElec  .         Dismiss  .     g - +0 cloak
rCorr  .         Reflect  .     x - +1 pair of gloves "Mavyirgh" {MP+9 Int+4}
SustAt .         Harm     .     w - +0 pair of boots
MR     .....                    (no amulet)
Stlth  ..........               (no ring)
                                i - ring of protection from fire

@: not resistant to hostile enchantments, extremely unstealthy
A: permanent stasis, dig shafts and tunnels, four strong arms, antennae 3
a: Dig, Shaft Self, Lesser Healing, Divine Protection, Renounce Religion


You were in a bailey.
You worshipped Elyvilon.
Elyvilon was aware of your devotion.
You were near starving.

You visited 1 branch of the dungeon, and saw 7 of its levels.
You also visited: Bailey.

You collected 387 gold pieces.

Inventory:

Hand Weapons
 a - a +1 long sword (weapon)
Missiles
 l - 20 bolts
Armour
 c - a +0 shield (worn)
 g - a +0 cloak (worn)
 j - a +0 plate armour (worn)
 w - a +0 pair of boots (worn)
 x - the +1 pair of gloves "Mavyirgh" (worn) {MP+9 Int+4}
   (You found it on level 6 of the Dungeon)

   It affects your intelligence (+4).
   It affects your magic capacity (+9).
Jewellery
 i - a ring of protection from fire (left hand)
Wands
 b - a wand of disintegration (13/24)
 t - a wand of flame (20/48)
Scrolls
 d - a scroll of amnesia
 q - a scroll of enchant weapon
 u - a scroll of fog
Potions
 e - 2 potions of cure mutation
 k - 4 potions of flight
 n - 2 potions of brilliance
 o - a potion of invisibility {unknown}
 s - a potion of mutation {unknown}
 z - a potion of haste {unknown}
Comestibles
 f - 7 bread rations
 r - 2 meat rations


   Skills:
 - Level 7.1 Fighting
 - Level 4.0 Long Blades
 - Level 6.0 Armour
 - Level 3.0 Dodging
 + Level 6.6 Shields
 - Level 6.0 Invocations


You had 8 spell levels left.
You didn't know any spells.

Dungeon Overview and Level Annotations

Branches:
Dungeon (7/15)
 Temple: D:4-7

Altars:
Dithmenos
Elyvilon
Fedhas
Qazlal
Trog
Yredelemnul
Zin
The Shining One


Innate Abilities, Weirdness & Mutations

You are under a permanent stasis effect.
You can dig through walls and to a lower floor.
Your four strong arms can wield two-handed weapons with a shield.
You have a pair of large antennae on your head (SInv).


Message History

You are healed.
You are near starving!
The orc knight hits you with a war axe.
* * * LOW HITPOINT WARNING * * *
The orc knight hits you with a war axe!
* * * LOW HITPOINT WARNING * * *
You are healed.
You feel somewhat more hungry.
The orc knight hits you but does no damage.
You don't have enough magic at the moment.
You don't have enough magic at the moment.
The orc knight hits you with a war axe.
* * * LOW HITPOINT WARNING * * *
You hear a blaring wail to the north.
You hear a shout! x8
There is an empty arch of ancient stone here.
There is nothing on the other side of the stone arch.
You hit the orc knight.
The orc knight is moderately wounded.
You block the orc knight's attack.
The orc knight hits you with a war axe!!
You die...

K≈. {
##≈g≈#
{ K≈.≈
{
##≈o≈
{K≈o≈
{
##g##
▓.g(▓
▓^oo▓
▓.@.▓
▓▓▓▓▓
▓)▓
▓▓▓


You could see 2 orc knights, 2 orc warriors, 2 gnolls and a goblin.

Vanquished Creatures
  Pikel (D:5)
  A hungry ghost (D:7)
  An orc warrior (D:6)
  2 phantoms (D:4)
  A wyvern zombie (D:6)
  A giant frog (D:6)
  2 scorpions (D:6)
  A centaur zombie (D:3)
  A giant frog zombie (D:6)
  4 hounds
  A jelly (D:6)
  4 orc priests
  An orc wizard (D:4)
  Jessica (D:3)
  3 worker ants
  A killer bee zombie (D:5)
  A worker ant zombie (D:5)
  Robin (D:3)
  6 adders
  4 gnolls (D:4)
  A shadow imp (D:6)
  An ooze (D:1)
  A worm (D:4)
  6 giant geckos
  9 orcs
  5 bats
  9 giant cockroaches
  2 gnoll zombies (D:3)
  18 goblins
  13 hobgoblins
  9 jackals
  2 quokkas (D:4)
  2 ball pythons
  2 giant newts
  6 kobolds
  10 rats
134 creatures vanquished.

Vanquished Creatures (others)
  A centaur zombie (D:5)
  A hound (D:5)
  3 fungi (D:4)
5 creatures vanquished.

Grand Total: 139 creatures vanquished

Notes
Turn   | Place    | Note
--------------------------------------------------------------
     0 | D:1      | Murumi the Formicid Fighter began the quest for the Orb.
     0 | D:1      | Reached XP level 1. HP: 18/18 MP: 1/1
     3 | D:1      | Noticed an electric eel
   115 | D:1      | Reached XP level 2. HP: 24/24 MP: 2/2
   119 | D:1      | Reached skill level 1 in Dodging
   300 | D:1      | Reached XP level 3. HP: 29/29 MP: 3/3
   865 | D:2      | Found a stormy altar of Qazlal.
  1194 | D:2      | Reached XP level 4. HP: 33/37 MP: 4/4
  1696 | D:3      | Noticed Robin
  1706 | D:3      | Killed Robin
  1756 | D:3      | Noticed Jessica
  1775 | D:3      | Killed Jessica
  1775 | D:3      | Reached XP level 5. HP: 40/42 MP: 5/5
  2167 | D:3      | Found a basalt altar of Yredelemnul.
  2249 | D:3      | Found a white marble altar of Elyvilon.
  2250 | D:3      | Found a glowing silver altar of Zin.
  2250 | D:3      | Found a glowing golden altar of the Shining One.
  2257 | D:3      | Became a worshipper of Elyvilon the Healer
  2388 | D:3      | Reached XP level 6. HP: 48/48 MP: 6/6
  2553 | D:4      | Reached skill level 1 in Invocations
  2603 | D:4      | Found a bloodstained altar of Trog.
  2718 | D:4      | Noticed a phantom
  2756 | D:4      | Killed a phantom
  2773 | D:4      | Noticed a phantom
  2798 | D:4      | Killed a phantom
  2798 | D:4      | Reached XP level 7. HP: 37/54 MP: 8/10
  2854 | D:4      | Reached skill level 5 in Invocations
  2964 | D:4      | Reached skill level 5 in Shields
  3231 | D:4      | Found a blossoming altar of Fedhas.
  3410 | D:5      | Entered Level 5 of the Dungeon
  3685 | D:5      | Noticed Pikel
  3747 | D:5      | Killed Pikel
  3747 | D:5      | Reached skill level 7 in Fighting
  3747 | D:5      | Reached XP level 8. HP: 23/67 MP: 11/11
  4309 | D:6      | Reached * piety under Elyvilon
  4631 | D:6      | Upgraded the game from 0.18-a0-1220-g2dc6208 to 0.18-a0-1408-g69e564c
  4878 | D:6      | Got a pair of encrusted gloves
  4889 | D:6      | Identified the +1 pair of gloves "Mavyirgh" {MP+9 Int+4} (You found it on level 6 of the Dungeon)
  4928 | D:6      | Reached skill level 5 in Armour
  4928 | D:6      | Reached XP level 9. HP: 66/72 MP: 13/13
  5255 | D:6      | Got a glittering platinum ring
  5256 | D:6      | Identified the ring of Archynogg {Fire *Corrode rElec rN++ Int+3} (You found it on level 6 of the Dungeon)
  5421 | D:7      | Found a shadowy altar of Dithmenos.
  5478 | D:7      | Found a flagged portal.
  5486 | Bailey   | Entered a bailey
  5504 | Bailey   | Noticed an orc knight
  5508 | Bailey   | Noticed an orc knight
  5531 | Bailey   | HP: 2/108 [orc knight/war axe (4)]
  5548 | Bailey   | Mangled by an orc knight

Vault maps used:
D:1:      arrival_aquarium_a
D:2:      grunt_qazlal_sundering
D:3:      good_gods_temple_1, lemuel_zombie_altar_yredelemnul, uniq_robin,
          uniq_jessica
D:4:      kennysheep_mini, fedhas_altar_3
D:5:      first_bread, uniq_pikel
D:7:      old_standard_altar, minmay_temple_entry_statues_pillars,
          enter_bailey_2
Bailey:   bailey_axe_1, bailey

Skill      XL: |  1  2  3  4  5  6  7  8  9 |
---------------+----------------------------+-----
Shields        | 4 5 6 |  6.6
Dodging        | 1 |  3.0
Invocations    | 1 5 |  6.0
Fighting       | 7 |  7.1
Armour         | 5 6 |  6.0
Long Blades    | |  4.0

Action                   |  1- 3 |  4- 6 |  7- 9 || total
-------------------------+-------+-------+-------++-------
Melee: Long sword        |    89 |   230 |   288 ||   607
Invok: Lesser Healing    |       |       |    17 ||    17
 Abil: Dig               |       |     1 |     8 ||     9
  Use: Scroll            |     9 |       |     2 ||    11
       Potion            |       |       |     5 ||     5
  Eat: Fruit             |       |     1 |     4 ||     5
       Meat ration       |       |     1 |       ||     1
       Chunk             |       |     1 |    10 ||    11
       Pizza             |       |       |     1 ||     1
